 Dungeon Crawl Stone Soup version 0.29.0-11-gd7f09526c8 (webtiles) character file.

Game seed: 3323770846096368904

189 SensoryNuts the Slasher (level 5, -2/41 HPs)
             Began as a Demonspawn Fighter on Sept 3, 2022.
             Slain by an iguana (6 damage)
             ... on level 4 of the Dungeon.
             The game lasted 00:05:32 (3673 turns).

SensoryNuts the Slasher (Demonspawn Fighter)        Turns: 3673, Time: 00:05:33

Health: -2/41      AC:  6    Str: 15    XL:     5   Next: 40%
Magic:  5/5        EV:  9    Int:  9    God:
Gold:   237        SH:  5    Dex: 14    Spells: 4/4 levels left

rFire   . . .      SeeInvis .   a - +0 long sword (drain)
rCold   . . .      Faith    .   c - +0 buckler
rNeg    . . .      Spirit   .   b - +0 scale mail
rPois   .          Reflect  .   (no helmet)
rElec   .          Harm     .   (no cloak)
rCorr   .          Rampage  .   (no gloves)
Will    .....                   (no boots)
Stlth   ..........              (no amulet)
HPRegen 0.13/turn               (no ring)
MPRegen 0.18/turn               (no ring)

@: no status effects
A: claws 1, powered by pain 2, magic regeneration, sense surroundings 1, weak 1
a: no special abilities


You were on level 4 of the Dungeon.
You visited 1 branch of the dungeon, and saw 4 of its levels.

You collected 237 gold pieces.

Inventory:

Hand Weapons
 a - a +0 long sword of draining (weapon)
Armour
 b - a +0 scale mail (worn)
 c - a +0 buckler (worn)
 k - a +0 helmet
Jewellery
 j - an amulet of magic regeneration
 l - a ring of positive energy
 o - a ring of willpower
Scrolls
 e - 2 scrolls of torment
 i - a scroll of teleportation
Potions
 d - a potion of mutation
 f - a potion of cancellation
 g - a potion of curing
 h - a potion of heal wounds {unknown}
 m - a potion of lignification {unknown}
 n - 2 potions of might


   Skills:
 + Level 3.4 Fighting
 * Level 3.9 Long Blades
 + Level 3.1 Armour
 + Level 1.1 Dodging
 + Level 1.4 Stealth
 + Level 3.0 Shields


You had 4 spell levels left.
You didn't know any spells.
Your spell library contained the following spells:

 Spells                   Type           Power      Damage    Failure   Level
 Shock                    Conj/Air       0%         1d3       90%         1
 Sting                    Tmut/Pois      0%         1d3       90%         1
 Ensorcelled Hibernation  Hex/Ice        0%         N/A       97%         2
 Passwall                 Tmut/Erth      0%         N/A       97%         2
 Poisonous Vapours        Pois/Air       0%         N/A       97%         2
 Swiftness                Air            0%         N/A       99%         3
 Airstrike                Air            0%         2d(0-16)  100%        4
 Iskenderun's Mystic Bla  Conj/Tloc      0%         2d3       100%        4
 Olgreb's Toxic Radiance  Pois           0%         N/A       100%        4
 Spellforged Servitor     Conj/Summ      0%         N/A       100%        7
 Fire Storm               Conj/Fire      0%         5d1       100%        9


Dungeon Overview and Level Annotations

Branches:
Dungeon (4/15)
 Temple: D:4-7

Altars:
Cheibriados
Makhleb

Annotations:
D:4 1 runed translucent door, Menkaure


Innate Abilities, Weirdness & Mutations

You have sharp fingernails.
You sometimes gain power by taking damage.
You regenerate magic rapidly.
You passively map a small area around you.
You are weak. (Str -2)


Message History

The hound bites you. Menkaure casts a spell at you.
Pain shoots through your body!
* * * LOW HITPOINT WARNING * * *
The hound barely misses you.
You feel better. The hound bites you.
* * * LOW HITPOINT WARNING * * *
The hound bites you but does no damage.
As you read the scroll of teleportation, it crumbles to dust.
You feel strangely unstable. Menkaure hits you.
* * * LOW HITPOINT WARNING * * *
You block the hound's attack.
You feel better. You block the hound's attack.
Menkaure mumbles some strange words.
Menkaure seems to speed up.
The hound bites you but does no damage. The hound attacks as you move away!
You block the hound's attack. Menkaure attacks as you move away!
Menkaure barely misses you. The hound closely misses you.
The hound attacks as you move away! The hound bites you.
* * * LOW HITPOINT WARNING * * *
Your surroundings suddenly seem different.
Unknown command.
You start resting.
An iguana comes into view.
An iguana is nearby!
An iguana is nearby!
An iguana is nearby!
An iguana is nearby!
The iguana hisses angrily.
You closely miss the iguana.
The iguana bites you but does no damage.
You hit the iguana but do no damage. The iguana bites you!
* * * LOW HITPOINT WARNING * * *
You hit the iguana. You drain the iguana.
The iguana is almost dead.
You block the iguana's attack. The iguana barely misses you.
You closely miss the iguana.
The iguana is almost dead.
The iguana bites you.
You die...

### ##.## ### ###...## ####
###.####.#....# #..###
#...#.##.##...## #....#
#...........#..### ###..##
######................#
#.....#####....................##
#..>............@l.##......##....
##.................##..........##
##...........................#...
.#..................#........###.
.>.........##................####
...#..)...#####...............#..
...#................##..#........
.............###........, ##....
.............# ...... #....


You could see an iguana (very drained).

Vanquished Creatures
  An orc wizard (D:3)
  An iguana (D:4)
  4 adders
  An ufetubus (D:4)
  A dart slug (D:4)
  9 orcs
  5 endoplasms
  3 giant cockroaches (D:1)
  3 goblins
  8 hobgoblins
  9 jackals
  4 quokkas
  13 ball pythons
  11 bats
  2 frilled lizards
  4 kobolds
  6 rats
85 creatures vanquished.

Notes
Turn   | Place    | Note
-------+----------+-------------------------------------------
     0 | D:1      | SensoryNuts the Demonspawn Fighter began the quest for the
                  | Orb.
     0 | D:1      | Reached XP level 1. HP: 18/18 MP: 1/1
   314 | D:1      | Found a faded altar of an unknown god.
   355 | D:1      | Gained mutation: You sometimes gain a little power by
                  | taking damage. [demonic ancestry]
   355 | D:1      | Reached XP level 2. HP: 24/24 MP: 2/2
   965 | D:2      | HP: 1/24 [adder (2)]
   971 | D:2      | Gained mutation: You regenerate magic rapidly. [demonic
                  | ancestry]
   971 | D:2      | Reached XP level 3. HP: 17/29 MP: 3/3
  1749 | D:2      | Gained mutation: You are weak. (Str -2) [potion of
                  | mutation]
  1749 | D:2      | Gained mutation: You passively map a small area around you.
                  | [potion of mutation]
  1769 | D:3      | Reached skill level 1 in Dodging
  1813 | D:3      | Got Asmodeus's Compilation of Twisted Conflict
  1876 | D:3      | Found a burning altar of Makhleb.
  1883 | D:3      | Gained mutation: You sometimes gain power by taking damage.
                  | [demonic ancestry]
  1883 | D:3      | Reached XP level 4. HP: 35/35 MP: 4/4
  2236 | D:3      | Reached skill level 1 in Stealth
  2334 | D:3      | Identified the +7 plate armour of Fosk {rPois rF+ rN+ MP+9}
  2796 | D:4      | Discovered your monstrous ancestry.
  2796 | D:4      | Gained mutation: You have sharp fingernails. [demonic
                  | ancestry]
  2796 | D:4      | Reached XP level 5. HP: 21/41 MP: 5/5
  3080 | D:4      | Found a runed translucent door.
  3305 | D:4      | Found a snail-covered altar of Cheibriados.
  3642 | D:4      | Noticed Menkaure
  3645 | D:4      | HP: 2/41 [Menkaure (5)]
  3673 | D:4      | Slain by an iguana

Illustrated notes

Levels and vault maps discovered:
D:1:      amcnicky_arrival_gap_in_the_tavern_cellar, layout_loops_ring,
          chequers_ecumenical_altar_simple_redux
D:2:      layout_basic
D:3:      layout_loops_corners, tso_oasis_becter, bloody_makhleb
D:4:      layout_cave_pools, nicolae_overflow_hidden_temple,
          ebering_ghost_sewer_f, uniq_menkaure

Skill      XL: |  1  2  3  4  5 |
---------------+----------------+-----
Long Blades    | 2 3 |  3.9
Armour         | 3 |  3.1
Dodging        | 1 |  1.1
Stealth        | 1 |  1.4
Shields        | 3 |  3.0
Fighting       | |  3.4

Action                   |  1- 3 |  4- 6 || total
-------------------------+-------+-------++-------
Melee: Long sword        |   125 |   119 ||   244
  Use: Potion            |     3 |     2 ||     5
       Scroll            |     6 |     5 ||    11
Armor: Scale mail        |    79 |    73 ||   152
Dodge: Dodged            |    53 |    80 ||   133
Block: Buckler           |    34 |    50 ||    84
